 Dungeon Crawl Stone Soup version 0.31-a0-833-gc15d34cb79 (webtiles) character file.

Game seed: 7892844851010080185

3912 pokeman the Thaumaturge (level 10, -2/56 HPs)
             Began as a Deep Elf Hedge Wizard on Sept 25, 2023.
             Was a Believer of Vehumet.
             Slain by an orc warlord
             ... wielding a +6 broad axe
              (18 damage)
             ... in a bailey.
             The game lasted 00:17:22 (8853 turns).

pokeman the Thaumaturge (Deep Elf Hedge Wizard)     Turns: 8853, Time: 00:17:23

Health: -2/56      AC:  8    Str: 13    XL:     10   Next: 1%
Magic:  30/37      EV: 12    Int: 28    God:    Vehumet [**....]
Gold:   568        SH:  0    Dex: 14    Spells: 22/34 levels left

rFire   . . .        l - +0 dagger (venom)
rCold   . . .        (no shield)
rNeg    . . .        v - +2 leather armour "Poorch" {Int+4}
rPois   .            c - +0 hat
rElec   .            J - +0 cloak
rCorr   .            g - +0 pair of gloves
SInv    .            E - +0 pair of boots
Will    +....        (no amulet)
Stlth   ++           G - +6 ring of strength
HPRegen 0.29/turn    u - ring of magical power
MPRegen 0.25/turn

%: no passive effects
@: very slightly contaminated
A: no striking features
a: Renounce Religion


You were in a bailey.
You worshipped Vehumet.
Vehumet was pleased with you.
You visited 1 branch of the dungeon, and saw 9 of its levels.
You also visited: Bailey.

You collected 568 gold pieces.

Inventory:

Hand Weapons
 l - a +0 dagger of venom (weapon)
Armour
 b - the +1 scale mail of the Exiled People {rElec Regen+ Dex+3}
   (You found it on level 3 of the Dungeon)

   Dex+3:     It affects your dexterity (+3).
   rElec:     It insulates you from electricity.
   Regen+:    It increases your rate of health regeneration.
 c - a +0 hat (worn)
 g - a +0 pair of gloves (worn)
 v - the +2 leather armour "Poorch" (worn) {Int+4}
   (You found it on level 3 of the Dungeon)

   Int+4:     It affects your intelligence (+4).
 E - a +0 pair of boots (worn)
 J - a +0 cloak (worn)
Magical Staves
 f - a staff of death
 n - a staff of poison
Jewellery
 t - a ring of protection from fire
 u - a ring of magical power (right hand)
 G - a +6 ring of strength (left hand)
Wands
 p - a wand of paralysis (8)
 x - a wand of iceblast (9)
Scrolls
 a - a scroll of amnesia {unknown}
 e - 3 scrolls of teleportation {unknown}
 h - 3 scrolls of immolation {unknown}
 i - 2 scrolls of noise {unknown}
 j - 7 scrolls of identify {unknown}
 r - 4 scrolls of enchant armour {unknown}
 w - 2 scrolls of fear {unknown}
 y - 3 scrolls of acquirement
 C - a scroll of butterflies {unknown}
 D - a scroll of enchant weapon {unknown}
 F - a scroll of silence {unknown}
 H - a scroll of revelation {unknown}
 I - a scroll of fog {unknown}
Potions
 d - 2 potions of magic
 k - 2 potions of attraction {unknown}
 m - 4 potions of heal wounds {unknown}
 o - a potion of cancellation {unknown}
 q - a potion of lignification {unknown}
 s - 3 potions of resistance {unknown}
 z - a potion of enlightenment {unknown}
 A - 2 potions of brilliance {unknown}
 B - 5 potions of curing {unknown}
 K - a potion of invisibility {unknown}
 L - a potion of mutation {unknown}
 M - a potion of haste {unknown}


   Skills:
 + Level 3.8 Fighting
 - Level 3.0 Armour
 - Level 3.0 Dodging
 - Level 3.0 Stealth
 * Level 12.5 Spellcasting
 + Level 7.0 Conjurations
 - Level 1.1 Summonings
 - Level 2.0 Necromancy
 - Level 1.1 Translocations
 - Level 1.1 Transmutations
 + Level 5.8 Fire Magic
 - Level 1.2 Air Magic
 - Level 1.0 Poison Magic
 - Level 1.0 Evocations


You had 22 spell levels left.
You knew the following spells:

 Your Spells              Type           Power      Damage    Failure   Level
a - Magic Dart            Conj           100%       1d8       1%          1
b - Mephitic Cloud        Conj/Pois/Air  34%        N/A       3%          3
c - Call Imp              Summ           46%        N/A       3%          2
d - Blink                 Tloc           46%        N/A       3%          2
e - Foxfire               Conj/Fire      100%       2x1d9     1%          1
f - Ignite Poison         Fire/Tmut/Pois 32%        N/A       4%          3

Your spell library contained the following spells:

 Spells                   Type           Power      Damage    Failure   Level
 Inner Flame              Hex/Fire       33%        N/A       3%          3
 Necrotise                Necr           100%       1d9       1%          1
 Shock                    Conj/Air       100%       1d9       1%          1
 Scorch                   Fire           100%       2d9       1%          2
 Apportation              Tloc           46%        N/A       2%          1
 Summon Small Mammal      Summ           92%        N/A       2%          1
 Dazzling Flash           Conj/Hex       74%        N/A       2%          3
 Flame Wave               Conj/Fire      52%        2d13      2%          4
 Sticky Flame             Conj/Fire      52%        2d7       2%          4
 Cigotuvi's Dreadful Rot  Necr/Pois/Air  50%        N/A       3%          2
 Slow                     Hex            68%        N/A       4%          1
 Swiftness                Air            24%        N/A       7%          3
 Airstrike                Air            12%        2d(2-18)  24%         4
 Anguish                  Hex/Necr       11%        N/A       26%         4
 Manifold Assault         Tloc           23%        N/A       26%         4
 Cause Fear               Hex            8%         N/A       36%         4
 Agony                    Necr           28%        N/A       43%         5
 Silence                  Hex/Air        10%        N/A       65%         5
 Summon Cactus Giant      Summ           11%        N/A       98%         6
 Simulacrum               Ice/Necr       11%        N/A       99%         6
 Enfeeble                 Hex            8%         N/A       100%        7
 Ozocubu's Refrigeration  Ice            8%         4d9       100%        7
 Ignition                 Fire           25%        3d8       100%        8
 Polar Vortex             Ice            8%         12d1*     100%        9


Dungeon Overview and Level Annotations

Branches:
Dungeon (9/15)             Temple (0/1) D:4          Bailey (1/1)
   Lair: D:8-11         Orc: D:9-12

Altars:
Elyvilon
Gozag
Kikubaaqudgha
Nemelex Xobeh
Okawaru
Ru
Sif Muna
Vehumet
Wu Jian
Xom

Shops:
D:8 *

Annotations:
D:1 Loot behind rock


Message History

The orc warlord hits you with a +6 broad axe!!
* * * LOW HITPOINT WARNING * * *
Unknown command.
Casting: Ignite Poison (dangerous; 4% risk of failure)
Confirm with . or Enter, or press ? or * to list all spells.
You blink.
Splash!
You fall into the shallow water.
Moving in this stuff is going to be slow.
The orc warlord is engulfed in blazing flames.
Casting: Blink (safe; 3% risk of failure)
Confirm with . or Enter, or press ? or * to list all spells.
Aiming: Mephitic Cloud (dangerous; 3% risk of failure)
Press: ? - help, Shift-Dir - straight line, f/p - orc warlord
Aim: an orc warlord, wielding a +6 broad axe and wearing a +0 chain mail (moderately wounded, chance to affect: 29%)
Okay, then.
Unknown command.
Aiming: Paralyse
Press: ? - help, Shift-Dir - straight line, f/p - orc warlord
Aim: an orc warlord, wielding a +6 broad axe and wearing a +0 chain mail (moderately wounded, chance to affect: 19%)
Okay, then.
Unknown command.
Unknown command.
The orc warlord attacks as it pursues you!
The orc warlord splashes around in the water.
Things that are here:
a +0 war axe; a +0 leather armour; a gnoll skeleton The orc warlord attacks as it pursues you!
The orc warlord barely misses you.
You feel ready to blink again.
There is an open door here.
Things that are here:
a +0 hand axe; a +0 leather armour; a goblin skeleton
Casting: Mephitic Cloud (dangerous; 3% risk of failure)
Confirm with . or Enter, or press ? or * to list all spells.
You miscast Blink.
You are very lightly contaminated with residual magic.
Nothing appears to happen.
The orc warlord hits you with a +6 broad axe!!
You die...

♣♣♣ ♣♣♣∩♣♣♣
#####♣♣♣.....♣♣♣#####
##...##.........##...##
##.....##...§...##.....##
##...8...##~~~~§##.......##
#.....(...#~~§~~#...8..8..##
.....)....#~~)~~#..........#
..8..8....'))..o@..........#
........#########......8...#
#....).##~~~#~~ ####......##
##.....#~).....~#~~#.....##
.##.(..#~!........g#....##
..#....##8.8...8.8~##...#
.)).(...#.........~~'...#
(.'.....#....∩....~~'...#
).).....#o........~~'...#


You could see an orc warlord.

Vanquished Creatures
  Erica (D:8)
  A wraith (D:7)
  A wyvern (D:6)
  A yak (D:6)
  A steam dragon (D:7)
  7 orc warriors
  2 ice beasts
  5 ogres
  A centaur (D:7)
  A kobold brigand (D:8)
  3 bullfrogs
  3 scorpions
  5 wights (D:7)
  A jelly (D:4)
  2 hounds
  5 orc priests
  A sleepcap (D:7)
  Jessica (D:2)
  2 iguanas
  3 orc wizards
  3 gnolls (Bailey)
  9 adders
  3 shadow imps
  An ufetubus (D:6)
  4 worms
  2 dart slugs
  17 orcs
  8 bats
  6 endoplasms
  A giant cockroach (D:2)
  12 goblins
  10 hobgoblins
  5 jackals (D:1)
  20 kobolds
  10 quokkas
  9 ball pythons
  A frilled lizard (D:2)
  6 rats
174 creatures vanquished.

Vanquished Creatures (collateral kills)
  A jelly (D:7)
1 creature vanquished.

Vanquished Creatures (others)
  330 foxfires
330 creatures vanquished.

Grand Total: 505 creatures vanquished

Notes
Turn   | Place    | Note
-------+----------+-------------------------------------------
     0 | D:1      | pokeman the Deep Elf Hedge Wizard began the quest for the
                  | Orb.
     0 | D:1      | Reached XP level 1. HP: 10/10 MP: 7/7
   288 | D:1      | Reached XP level 2. HP: 16/16 MP: 2/9
   755 | D:1      | Reached skill level 5 in Spellcasting
  1090 | D:1      | Reached XP level 3. HP: 20/20 MP: 9/11
  1094 | D:1      | Learned a level 3 spell: Mephitic Cloud
  1097 | D:1      | Learned a level 2 spell: Call Imp
  1100 | D:1      | Learned a level 2 spell: Blink
  1337 | D:2      | Reached skill level 1 in Armour
  1508 | D:2      | Reached skill level 1 in Fighting
  1622 | D:2      | Noticed Jessica
  1649 | D:2      | Killed Jessica
  1650 | D:2      | Reached XP level 4. HP: 25/25 MP: 4/13
  2226 | D:3      | Found a sacrificial altar of Ru.
  2250 | D:3      | Found a radiant altar of Vehumet.
  2252 | D:3      | Found an ornate altar of the Wu Jian Council.
  2258 | D:3      | Became a worshipper of Vehumet
  2343 | D:3      | Found a faded altar of an unknown god.
  2531 | D:3      | Reached skill level 6 in Spellcasting
  2531 | D:3      | Reached XP level 5. HP: 29/29 MP: 15/15
  2628 | D:3      | Identified the +2 leather armour "Poorch" {Int+4}
  2873 | D:3      | Identified the +1 scale mail of the Exiled People {rElec
                  | Regen+ Dex+3}
  3058 | D:3      | Reached skill level 1 in Necromancy
  3307 | D:4      | Reached skill level 1 in Poison Magic
  3324 | D:4      | Reached skill level 1 in Evocations
  3336 | D:4      | Noticed an ogre
  3345 | D:4      | Noticed an ogre
  3346 | D:4      | Killed an ogre
  3347 | D:4      | Reached skill level 1 in Air Magic
  3347 | D:4      | Reached XP level 6. HP: 17/34 MP: 5/17
  3428 | D:4      | Found a staircase to the Ecumenical Temple.
  3449 | D:4      | Reached skill level 7 in Spellcasting
  3554 | D:4      | Reached * piety under Vehumet
  3554 | D:4      | Offered knowledge of Foxfire by Vehumet.
  3563 | D:4      | Learned a level 1 spell: Foxfire
  3728 | D:4      | Found a white marble altar of Elyvilon.
  3876 | D:4      | Found a shimmering blue altar of Sif Muna.
  3877 | D:4      | Found an iron altar of Okawaru.
  4097 | D:5      | Entered Level 5 of the Dungeon
  4103 | D:5      | Reached XP level 7. HP: 39/39 MP: 20/20
  4147 | D:5      | Reached skill level 1 in Fire Magic
  4427 | D:5      | Reached skill level 8 in Spellcasting
  4802 | D:5      | Found a sparkling altar of Nemelex Xobeh.
  4898 | D:5      | Learned a level 3 spell: Ignite Poison
  5345 | D:6      | Reached skill level 1 in Transmutations
  5345 | D:6      | Reached XP level 8. HP: 44/44 MP: 22/22
  5659 | D:6      | Reached skill level 9 in Spellcasting
  6148 | D:6      | Reached skill level 5 in Conjurations
  6516 | D:7      | Reached skill level 10 in Spellcasting
  6759 | D:7      | Found a shimmering altar of Xom.
  6760 | D:7      | Found a shimmering altar of Xom.
  6760 | D:7      | Found a shimmering altar of Xom.
  6761 | D:7      | Found a shimmering altar of Xom.
  6762 | D:7      | Found a shimmering altar of Xom.
  6762 | D:7      | Found a shimmering altar of Xom.
  6791 | D:7      | Reached XP level 9. HP: 38/48 MP: 21/25
  6952 | D:7      | Reached ** piety under Vehumet
  6952 | D:7      | Offered knowledge of Freeze by Vehumet.
  7116 | D:7      | Reached skill level 11 in Spellcasting
  7300 | D:7      | Found an ancient bone altar of Kikubaaqudgha.
  8027 | D:8      | Noticed Erica
  8039 | D:8      | Killed Erica
  8040 | D:8      | Reached skill level 12 in Spellcasting
  8040 | D:8      | Reached skill level 5 in Fire Magic
  8162 | D:8      | Found an opulent altar of Gozag.
  8165 | D:8      | Found Gozag's Platinum Reserve.
  8434 | D:9      | Found a flagged portal.
  8443 | Bailey   | Entered a bailey
  8533 | Bailey   | Noticed an orc warlord
  8607 | Bailey   | Offered knowledge of Inner Flame by Vehumet.
  8726 | Bailey   | Found a runed translucent gate.
  8729 | Bailey   | Found a runed translucent gate.
  8731 | Bailey   | Found a runed translucent gate.
  8788 | Bailey   | Reached XP level 10. HP: 56/56 MP: 28/28
  8853 | Bailey   | Slain by an orc warlord

Illustrated notes

Levels and vault maps discovered:
D:1:      minmay_arrival_diagonal_passages, layout_loops_ring,
          due_unseen_surprise
D:2:      layout_rooms, nicolae_concentric_dashed_squares_mild, st_stairs_2,
          minmay_hexomino_u4, uniq_jessica
D:3:      layout_basic, minitemple, nicolae_ecumenical_lake_church
D:4:      layout_cave_pools, mainiacjoe_overflow_alcove_4,
          gammafunk_temple_overflow_wave, minmay_temple_entry_statues
D:5:      layout_gridville, nemelex_spade_bored_becter
D:6:      kennysheep_big_flooded_room, layout_layer_cave, kennysheep_dice
D:7:      layout_basic, general_overflow_altar, xom_shifter_show
D:8:      layout_loops_ring, nicolae_gozag_zags_fifth_avenue, uniq_erica
D:9:      layout_basic, enter_bailey_2, serial_bayou_lagoon_b, uniq_harold
Bailey:   bailey_axe_bossmonster_kennysheep, bailey

Skill      XL: |  1  2  3  4  5  6  7  8  9 |
---------------+----------------------------+-----
Spellcasting   | 5 6 7 8 10 12 | 12.5
Armour         | 1 3 |  3.0
Fighting       | 1 2 3 |  3.8
Conjurations   | 2 3 4 5 7 |  7.0
Dodging        | 3 |  3.0
Stealth        | 3 |  3.0
Necromancy     | 1 2 |  2.0
Poison Magic   | 1 |  1.0
Evocations     | 1 |  1.0
Air Magic      | 1 |  1.2
Fire Magic     | 2 4 5 |  5.8
Transmutations | 1 |  1.1
Summonings     | |  1.1
Translocations | |  1.1

Action                     |  1- 3 |  4- 6 |  7- 9 | 10-12 || total
---------------------------+-------+-------+-------+-------++-------
  Melee: Dagger            |    21 |    29 |    42 |     1 ||    93
         Punch             |       |     1 |       |       ||     1
   Cast: Magic Dart        |    95 |   122 |     8 |       ||   225
         Mephitic Cloud    |     1 |     5 |    24 |     1 ||    31
         Blink             |       |     2 |     1 |     1 ||     4
         Foxfire           |       |     5 |   184 |       ||   189
         Ignite Poison     |       |       |    12 |     1 ||    13
         Call Imp          |       |       |     1 |     1 ||     2
   Stab: Confused          |     1 |     4 |     1 |       ||     6
         Sleeping          |       |     1 |       |       ||     1
 Armour: Robe              |    14 |       |       |       ||    14
         Leather armour    |       |    21 |    33 |     3 ||    57
  Dodge: Dodged            |    27 |    12 |    31 |     1 ||    71

Table legend: (Time is in decaauts)
 A = Elapsed time spent in this place.
 B = Non-inter-level travel time spent in this place.
 C = Inter-level travel time spent in this place.
 D = Time resting spent in this place.
 E = Time spent auto-exploring this place.
 F = Levels seen in this place.
 G = Mean time per level.
                   A        B        C        D        E       F      G
               +--------+--------+--------+--------+--------+-----+--------+
         Total |   8861 |   8666 |    195 |     53 |   7469 |  10 |  886.1 |
       Dungeon |   8440 |   8245 |    195 |     53 |   7251 |   9 |  937.8 |
        Bailey |    420 |    420 |      0 |      0 |    217 |   1 |  420.0 |
               +--------+--------+--------+--------+--------+-----+--------+

Top non-repeatable levels by time:
     D:6: 1369 daAuts
     D:1: 1282 daAuts
     D:7: 1266 daAuts
     D:3: 1250 daAuts
     D:5: 873 daAuts
     D:2: 836 daAuts
     D:8: 811 daAuts
     D:4: 728 daAuts
  Bailey: 420 daAuts
     D:9: 21 daAuts
